 Dungeon Crawl Stone Soup version 0.22-a0-307-g2b15929 (webtiles) character file.

170 Amnesiac the Insei (level 5, -8/38 HPs)
             Began as a Demonspawn Gladiator on Apr 1, 2018.
             Was an Initiate of Okawaru.
             Mangled by an ogre
             ... wielding a +0 giant club
              (26 damage)
             ... on level 4 of the Dungeon.
             The game lasted 00:03:07 (3423 turns).

Amnesiac the Insei (Demonspawn Gladiator)           Turns: 3423, Time: 00:03:07

Health: -8/38      AC:  9    Str: 15    XL:     5   Next: 26%
Magic:  5/5        EV: 12    Int:  9    God:    Okawaru [......]
Gold:   123        SH:  0    Dex: 15    Spells: 3/4 levels left

rFire    . . .     SeeInvis .     - Unarmed
rCold    . . .     Gourm    .   (no shield)
rNeg     . . .     Faith    .   k - +3 ring mail
rPois    .         Spirit   .   b - +0 helmet
rElec    .         Reflect  .   (no cloak)
rCorr    +         Harm     .   (no gloves)
MR       .....                  (no boots)
Stlth    +.........             (no amulet)
HPRegen  0.12/turn              a - ring of resist corrosion
MPRegen  0.09/turn              (no ring)

@: no status effects
A: claws 1, sturdy frame 1
a: Renounce Religion


You were on level 4 of the Dungeon.
You worshipped Okawaru.
Okawaru was noncommittal.
You were not hungry.

You visited 1 branch of the dungeon, and saw 4 of its levels.

You collected 123 gold pieces.

Inventory:

Missiles
 c - 3 throwing nets (quivered)
 p - 25 poisoned needles
Armour
 b - a +0 helmet (worn)
 k - a +3 ring mail (worn)
Jewellery
 a - a ring of resist corrosion (left claw)
Scrolls
 j - a scroll of magic mapping {!r}
 r - a scroll of remove curse {!r}
Potions
 e - a potion of ambrosia {!q, unknown}
 f - a potion of might {!q}
 g - a potion of lignification {!q, unknown}
 h - 4 potions of haste {!q, unknown}
 i - 2 potions of heal wounds {!q, unknown}
 m - a potion of cancellation {!q, unknown}
 n - a potion of berserk rage {!q}
 o - a potion of brilliance {!q}
Comestibles
 d - 10 rations


   Skills:
 - Level 2.0 Fighting
 - Level 2.0 Throwing
 - Level 2.6 Dodging
 * Level 5.4 Unarmed Combat


You had 3 spell levels left.
You knew the following spells:

 Your Spells              Type           Power        Failure   Level  Hunger
z - Confusing Touch       Hex            #.....       50%         1    ##.....


Dungeon Overview and Level Annotations

Branches:
Dungeon (4/15)             Temple (0/1) D:4

Altars:
Hepliaklqana
Makhleb
Okawaru
Qazlal
Wu Jian
Xom
The Shining One


Innate Abilities, Weirdness & Mutations

You have sharp fingernails.
Your movements are slightly less encumbered by armour. (ER -2)


Message History

No target in view!
There is a dry fountain here.
You open the door.
Found a stone staircase leading up.
No target in view!
You found a teleport trap!
There is an open door here.
Okay, then.
Okay, then.
HP restored.
p - 25 poisoned needles (gained 7) No target in view!
A leopard gecko and an ogre come into view.
There are monsters nearby!
You scratch the ogre.
The ogre is moderately wounded.
The ogre hits you with a giant club!
There are monsters nearby!
You claw the ogre!
The ogre is severely wounded.
The ogre barely misses you.
You scratch the ogre.
The ogre is almost dead.
The ogre hits you with a giant club!!
Ouch! That really hurt!
* * * LOW HITPOINT WARNING * * *
The leopard gecko barely misses you.
There is a stone staircase leading up here.
The leopard gecko closely misses you.
You climb upwards.
There is a stone staircase leading down here.
You claw the leopard gecko!
You kill the leopard gecko!
Okawaru accepts your kill.
You see here a leopard gecko corpse.
You butcher the leopard gecko corpse.
l - 4 chunks of flesh (gained 2)
There is a stone staircase leading down here.
You start resting.
Some of the chunks of flesh in your inventory have rotted away.
Eating one of 3 chunks of flesh.
You eat one of the 3 chunks of flesh.
This raw flesh tastes terrible.
You start resting.
All of the chunks of flesh in your inventory have rotted away.
HP restored.
You start resting.
HP restored.
You climb downwards.
The ogre misses you.
There is a stone staircase leading up here.
You claw the ogre!
The ogre is heavily wounded.
The ogre closely misses you.
You scratch the ogre.
The ogre is heavily wounded.
The ogre hits you with a giant club!!
Ouch! That really hurt!
* * * LOW HITPOINT WARNING * * *
You scratch the ogre.
The ogre is severely wounded.
You scratch the ogre.
The ogre is almost dead.
The ogre hits you with a giant club!!
Ouch! That really hurt!
You die...

### .. #.. ..
##.######.###
...........
#........
######.####.#
.........O@..#
#######.##.###
...##..^#
########'###
#.....#
###.⌠.⌠.#
#.'..>..+
#=#.⌠.⌠.#
#.#.....#


You could see an ogre.

Vanquished Creatures
  A hound (D:3)
  A hound skeleton (D:4)
  4 adders
  An ooze (D:2)
  3 worms (D:2)
  3 dart slugs
  2 leopard geckos
  An orc (D:3)
  A ball python (D:2)
  4 bats (D:2)
  4 giant cockroaches
  7 goblins
  10 hobgoblins
  6 jackals
  4 frilled lizards
  8 kobolds
  7 rats
67 creatures vanquished.

Notes
Turn   | Place    | Note
-------+----------+-------------------------------------------
     0 | D:1      | Amnesiac the Demonspawn Gladiator began the quest for the Orb.
     0 | D:1      | Reached XP level 1. HP: 16/16 MP: 1/1
   262 | D:1      | Reached skill level 3 in Unarmed Combat
   262 | D:1      | Gained mutation: Your movements are slightly less encumbered by armour. (ER -2) [demonic ancestry]
   262 | D:1      | Reached XP level 2. HP: 22/22 MP: 2/2
  1081 | D:2      | Reached XP level 3. HP: 17/27 MP: 3/3
  1200 | D:2      | Found an iron altar of Okawaru.
  1206 | D:2      | Became a worshipper of Warmaster Okawaru
  1238 | D:2      | Reached skill level 4 in Unarmed Combat
  1479 | D:2      | Gained mutation: You have sharp fingernails. [demonic ancestry]
  1479 | D:2      | Reached XP level 4. HP: 18/33 MP: 4/4
  1974 | D:2      | Found a shimmering altar of Xom.
  1975 | D:2      | Found a hazy altar of Hepliaklqana.
  1975 | D:2      | Noticed a hell beast
  1976 | D:2      | Noticed a hell beast
  1976 | D:2      | Noticed a spectral ugly thing
  2249 | D:3      | Learned a level 1 spell: Confusing Touch
  2349 | D:3      | Found a burning altar of Makhleb.
  2357 | D:3      | Reached skill level 5 in Unarmed Combat
  2665 | D:3      | Reached XP level 5. HP: 33/38 MP: 5/5
  2815 | D:3      | Found an ornate altar of the Wu Jian Council.
  2860 | D:3      | Found a stormy altar of Qazlal.
  2862 | D:3      | Noticed a water elemental
  2863 | D:3      | Noticed an air elemental
  2863 | D:3      | Noticed a fire elemental
  3054 | D:3      | Found a glowing golden altar of the Shining One.
  3104 | D:4      | Found a staircase to the Ecumenical Temple.
  3120 | D:4      | Noticed an ogre
  3423 | D:4      | Mangled by an ogre

Vault maps used:
D:1:      eino_arrival_cavern_d
D:2:      regret_index_temple_of_mockery, old_standard_altar
D:3:      nicolae_qazlal_style_of_elements, lemuel_crystal_altar,
          makhleb_blood_cavern_becter, dk_noncrumbling_3,
          nicolae_tso_swordbearing_angel
D:4:      minmay_temple_entry_hall

Skill      XL: |  1  2  3  4 |
---------------+-------------+-----
Throwing       | 2 |  2.0
Unarmed Combat | 3 4 5 |  5.4
Fighting       | |  2.0
Dodging        | |  2.6

Action                   |  1- 3 |  4- 6 || total
-------------------------+-------+-------++-------
Melee: Unarmed           |   140 |   105 ||   245
       Punch             |     1 |     3 ||     4
  Use: Scroll            |     4 |     1 ||     5
  Eat: Chunk             |     2 |     6 ||     8
Armor: Leather armour    |     7 |       ||     7
       Ring mail         |    39 |    23 ||    62
Dodge: Dodged            |    74 |    61 ||   135

Table legend:
 A = Spawn XP
 B = Non-spawn XP
 C = Spawn XP percentage of total XP
 D = Spawn monster count
 E = Non-spawn monster count
 F = Spawn count percentage of total count
 G = Total turns spent on level
                    A         B        C        D         E        F      G
               +---------+---------+-------+---------+---------+-------+---------
         Total |       0 |     244 |   0.0 |       0 |      67 |   0.0 |  3423
               +---------+---------+-------+---------+---------+-------+---------
           D:1 |       0 |      29 |   0.0 |       0 |      15 |   0.0 |  1010
           D:2 |       0 |     108 |   0.0 |       0 |      34 |   0.0 |  1218
           D:3 |       0 |      76 |   0.0 |       0 |      16 |   0.0 |  1153
           D:4 |       0 |      31 |   0.0 |       0 |       2 |   0.0 |    42
               +---------+---------+-------+---------+---------+-------+---------
